 Dungeon Crawl Stone Soup version 0.26-a0-642-g67e99244d3 (webtiles) character file.

Game seed: 13152239736800189409

658 DogServant the Digger (level 7, -1/40 HPs)
             Began as a Gargoyle Earth Elementalist on Sept 21, 2020.
             Was an Initiate of Vehumet.
             Slain by an ogre
             ... wielding a +0 giant club
              (27 damage)
             ... on level 4 of the Dungeon.
             The game lasted 00:07:07 (5045 turns).

DogServant the Digger (Gargoyle Earth Elementalist) Turns: 5045, Time: 00:07:07

Health: -1/40      AC: 13    Str: 11    XL:     7   Next: 55%
Magic:  1/14       EV: 12    Int: 18    God:    Vehumet [......]
Gold:   165        SH:  0    Dex: 10    Spells: 2/15 levels left

rFire    . . .     SeeInvis .   h - +1 flail (protect)
rCold    . . .     Faith    .   (no shield)
rNeg     + . .     Spirit   .   c - +0 robe
rPois    ∞         Reflect  .   (no helmet)
rElec    +         Harm     .   (no cloak)
rCorr    .         Rampage  .   (no gloves)
MR       .....                  (no boots)
Stlth    ++........             (no amulet)
HPRegen  0.13/turn              (no ring)
MPRegen  0.14/turn              (no ring)

@: protection aura
A: negative energy resistance 1, electricity resistance, unbreathing,
petrification resistance, rot immunity, AC +4
a: Renounce Religion


You were on level 4 of the Dungeon.
You worshipped Vehumet.
Vehumet was noncommittal.
You visited 2 branches of the dungeon, and saw 6 of its levels.

You collected 165 gold pieces.

Inventory:

Hand Weapons
 h - a +1 flail of protection (weapon)
 i - a +2 dagger of draining
Missiles
 b - 94 stones (quivered)
Armour
 c - a +0 robe (worn)
Wands
 e - a wand of digging (5)
Scrolls
 f - a scroll of amnesia
 j - 4 scrolls of magic mapping
 l - a scroll of remove curse
 o - a scroll of identify
Potions
 a - a potion of might {unknown}
 d - a potion of heal wounds
 g - a potion of haste {unknown}
 k - a potion of stabbing {unknown}
 m - a potion of degeneration {unknown}
 n - 3 potions of curing {unknown}


   Skills:
 + Level 2.4 Fighting
 - Level 1.5 Dodging
 - Level 2.1 Stealth
 + Level 4.7 Spellcasting
 + Level 3.6 Conjurations
 - Level 0.7 Transmutations
 + Level 6.6 Earth Magic


You had 2 spell levels left.
You knew the following spells:

 Your Spells              Type           Power        Failure   Level
a - Sandblast             Erth           ####..       1%          1
b - Stone Arrow           Conj/Erth      ###...       4%          3
c - Lee's Rapid Deconstr  Erth           ####......   24%         5
d - Petrify               Tmut/Erth      ###.....     30%         4

Your spell library contained the following spells:

 Spells                   Type           Power        Failure   Level
 Passwall                 Tmut/Erth      ###.....     4%          2
 Shock                    Conj/Air       ##..         7%          1
 Swiftness                Air            #.......     21%         2
 Static Discharge         Conj/Air       ##......     21%         3
 Airstrike                Air            #.........   80%         4
 Lightning Bolt           Conj/Air       ##........   88%         5


Dungeon Overview and Level Annotations

Branches:
Dungeon (5/15)             Temple (1/1) D:4

Altars:
Dithmenos
Gozag
Hepliaklqana
Trog
Uskayaw
Vehumet
Zin
The Shining One


Innate Abilities, Weirdness & Mutations

You are resistant to torment.
Your stone body is resilient. (AC +4)
You are immune to poison.
You resist negative energy. (rN+)
You are resistant to electric shocks. (rElec)
You can survive without breathing.
You are immune to petrification.
You are immune to rotting.


Message History

The ogre is heavily wounded.
The ogre closely misses you.
Casting: Sandblast (safe; 1% risk of failure)
Confirm with . or Enter, or press ? or * to list all spells.
Aiming: Sandblast (safe; 1% risk of failure)
Press: ? - help, Shift-Dir - straight line, f - ogre
Aim: an ogre, wielding a +0 giant club (heavily wounded)
The blast of sand hits the ogre!
The ogre is severely wounded.
b - 94 stones The ogre closely misses you.
You barely miss the ogre.
The ogre is severely wounded.
The ogre barely misses you.
You hit the ogre.
Your weapon exudes an aura of protection.
The ogre is almost dead.
The ogre hits you with a +0 giant club!!
Ouch! That really hurt!
You die...

### ### #.# #.# #.#
#.####### #.# #.......#
#.####.@#.##.#
#.#....O#.##.#
#.#.##..#.##.#
#.#........#.#
###.#.#......#.#
#.....###.#..#.# ###
########.....###)#..#(# #.#
........>........#..#.###.#
#######..#................#


You could see an ogre.

Vanquished Creatures
  2 ogres (D:4)
  2 scorpions (D:4)
  A hound (D:4)
  2 iguanas (D:4)
  2 worker ants
  Robin (D:2)
  6 gnolls (D:2)
  10 adders
  An ooze (D:3)
  A worm (D:2)
  4 leopard geckos
  2 orcs
  4 giant cockroaches (D:1)
  11 goblins
  9 hobgoblins
  17 jackals
  A quokka (D:4)
  3 bats
  4 frilled lizards
  12 kobolds
  6 rats
101 creatures vanquished.

Vanquished Creatures (others)
  A sky beast (D:5)
  A hound (D:5)
  A leopard gecko (D:5)
  A giant cockroach (D:5)
  12 plants (D:1)
16 creatures vanquished.

Grand Total: 117 creatures vanquished

Notes
Turn   | Place    | Note
-------+----------+-------------------------------------------
     0 | D:1      | DogServant the Gargoyle Earth Elementalist began the quest
                  | for the Orb.
     0 | D:1      | Reached XP level 1. HP: 10/10 MP: 3/3
   305 | D:1      | Reached XP level 2. HP: 15/15 MP: 3/5
   306 | D:1      | Reached skill level 4 in Earth Magic
  1165 | D:1      | Reached XP level 3. HP: 15/19 MP: 3/6
  1690 | D:2      | Noticed Robin
  1704 | D:2      | Killed Robin
  1704 | D:2      | Reached XP level 4. HP: 22/24 MP: 1/8
  1860 | D:2      | Reached skill level 5 in Earth Magic
  1918 | D:2      | Learned a level 3 spell: Stone Arrow
  2045 | D:2      | Found a shadowy altar of Dithmenos.
  2152 | D:2      | Reached XP level 5. HP: 12/28 MP: 3/10
  2461 | D:2      | Reached skill level 1 in Conjurations
  3287 | D:3      | Reached XP level 6. HP: 32/32 MP: 11/11
  3462 | D:4      | Learned a level 5 spell: Lee's Rapid Deconstruction
  3467 | D:4      | Learned a level 4 spell: Petrify
  3723 | D:4      | Reached skill level 6 in Earth Magic
  4013 | D:4      | Reached skill level 1 in Fighting
  4013 | D:4      | Reached XP level 7. HP: 26/38 MP: 13/13
  4678 | D:4      | Found a staircase to the Ecumenical Temple.
  4768 | Temple   | Entered the Ecumenical Temple
  4864 | Temple   | Became a worshipper of Vehumet
  4985 | D:5      | Entered Level 5 of the Dungeon
  5002 | D:4      | HP: 1/40 [ogre/+0 giant club (28)]
  5045 | D:4      | Slain by an ogre

Illustrated notes

Levels and vault maps discovered:
D:1:      arrival_zaba_pyramid, layout_basic, grunt_decor_resistance,
          lexackson_kobold_supper
D:2:      layout_loops_ring, old_standard_altar, uniq_robin
D:3:      layout_rooms
D:4:      layout_basic, lemuel_temple_firewalk_b, serial_bayou_pond_d,
          corexii_checkpoint_a
D:5:      layout_rooms, gup_sewer_entry_spiral, st_stairs_14,
          lemuel_flamethrower_2
Temple:   minmay_temple_curvy_loop

Skill      XL: |  1  2  3  4  5  6  7 |
---------------+----------------------+-----
Earth Magic    | 4 5 6 |  6.6
Spellcasting   | 3 4 |  4.7
Conjurations   | 2 3 |  3.6
Fighting       | 1 2 |  2.4
Dodging        | |  1.5
Stealth        | |  2.1
Transmutations | |  0.7

Action                   |  1- 3 |  4- 6 |  7- 9 || total
-------------------------+-------+-------+-------++-------
Melee: Unarmed           |    82 |       |       ||    82
       Whip              |    38 |       |       ||    38
       Dagger            |    40 |   126 |       ||   166
       Flail             |       |    18 |     8 ||    26
 Cast: Sandblast         |    18 |    29 |    15 ||    62
       Stone Arrow       |       |       |     4 ||     4
  Use: Scroll            |       |     6 |       ||     6
       Potion            |       |       |     1 ||     1
 Stab: Sleeping          |     2 |     4 |       ||     6
Armor: Robe              |    52 |    54 |    10 ||   116
Dodge: Dodged            |   108 |   132 |    25 ||   265

Table legend: (Time is in decaauts)
 A = Elapsed time spent in this place.
 B = Non-inter-level travel time spent in this place.
 C = Inter-level travel time spent in this place.
 D = Time resting spent in this place.
 E = Time spent auto-exploring this place.
 F = Levels seen in this place.
 G = Mean time per level.
                   A        B        C        D        E       F      G
               +--------+--------+--------+--------+--------+-----+--------+
         Total |   5059 |   4820 |    239 |    642 |   3392 |   6 |  843.2 |
       Dungeon |   4900 |   4733 |    167 |    642 |   3306 |   5 |  980.0 |
        Temple |    158 |     87 |     71 |      0 |     86 |   1 |  158.0 |
               +--------+--------+--------+--------+--------+-----+--------+

Top non-repeatable levels by time:
     D:1: 1643 daAuts
     D:4: 1442 daAuts
     D:2: 1337 daAuts
     D:3: 466 daAuts
  Temple: 158 daAuts
     D:5: 9 daAuts
